 Dungeon Crawl Stone Soup version 0.18-a0-1035-g72c9994 (webtiles) character file.

12664 Duffy the Severer (level 11, -4/92 HPs)
             Began as a Hill Orc Fighter on Jan 9, 2016.
             Was the Champion of Cheibriados.
             Killed from afar by a deep elf mage (24 damage)
             ... with a bolt of lightning
             ... on level 12 of the Dungeon.
             The game lasted 00:12:27 (11532 turns).

Duffy the Severer (Hill Orc Fighter)               Turns: 11532, Time: 00:12:27

Health: -4/92      AC: 21    Str: 37    XL:     11   Next: 96%
Magic:  16/16      EV: 12    Int: 24    God:    Cheibriados [******]
Gold:   683        SH: 12    Dex: 25    Spells: 0 memorised, 10 levels left

rFire  + . .     SeeInvis .     a - +0 war axe
rCold  . . .     Gourm    .     Q - +0 plate armour
rNeg   . . .     Faith    .     c - +0 shield
rPois  .         Spirit   .     h - +2 hat
rElec  .         Dismiss  .     l - +1 cloak
rCorr  .         Reflect  .     z - +0 pair of gloves
SustAt .         Harm     .     m - +0 pair of boots
MR     .....                    (no amulet)
Stlth  ..........               T - ring of loudness (curse)
                                O - ring of protection from fire

@: very slow, not resistant to hostile enchantments, extremely unstealthy
A: no striking features
a: Bend Time, Temporal Distortion, Slouch, Step From Time, Renounce Religion


You were on level 12 of the Dungeon.
You worshipped Cheibriados.
Cheibriados was exalted by your worship.
You were not hungry.

You visited 1 branch of the dungeon, and saw 12 of its levels.

You collected 683 gold pieces.


   Skills:
 - Level 7.2 Fighting
 * Level 15.9 Axes
 - Level 10.0 Armour
 + Level 6.0 Dodging
 - Level 3.2 Shields
 + Level 7.4 Invocations


You had 10 spell levels left.
You didn't know any spells.

Inventory:

Hand Weapons
 a - a +0 war axe (weapon)
 j - a +0 blowgun
 H - a +1 whip of electrocution
Missiles
 i - 28 poisoned needles
 y - 11 curare-tipped needles
 M - 4 throwing nets (quivered)
Armour
 c - a +0 shield (worn)
 h - a +2 hat (worn)
 l - a +1 cloak (worn)
 m - a +0 pair of boots (worn)
 z - a +0 pair of gloves (worn)
 Q - a +0 plate armour (worn)
Jewellery
 O - a ring of protection from fire (left hand)
 T - a cursed ring of loudness (right hand)
Wands
 b - a wand of frost (32/48)
 C - a wand of disintegration (15/24)
 R - a wand of confusion (17/48)
Scrolls
 k - a scroll of holy word {unknown}
 q - 8 scrolls of remove curse
 u - 4 scrolls of teleportation
 v - a scroll of noise {unknown}
 w - a scroll of fear {unknown}
 A - 3 scrolls of enchant weapon
 B - 2 scrolls of magic mapping {unknown}
 D - a scroll of enchant armour {unknown}
 E - 2 scrolls of recharging
 F - 2 scrolls of blinking {unknown}
 G - 2 scrolls of fog
 S - a scroll of random uselessness {unknown}
Potions
 d - 3 potions of might
 e - 2 potions of curing
 g - a potion of agility
 n - a potion of heal wounds {unknown}
 p - a potion of beneficial mutation {unknown}
 r - 4 potions of lignification
 x - a potion of flight {unknown}
 J - a potion of degeneration {unknown}
 K - a potion of resistance
 L - 3 potions of poison {unknown}
 P - 2 potions of cancellation {unknown}
Comestibles
 f - 11 bread rations
 o - 4 fruits
 s - 3 meat rations
 t - 7 beef jerkies
 I - 7 slices of pizza
 N - a royal jelly
 U - 2 chunks of flesh

Dungeon Overview and Level Annotations

Branches:
Dungeon (12/15)            Temple (0/1) D:7            Lair (0/8) D:11
    Orc (0/2) D:11

Altars:
Cheibriados
Dithmenos
Elyvilon
Makhleb
Nemelex Xobeh
Qazlal
Ru
Beogh
Jiyva


Message History

You are too injured to fight recklessly!
You are too injured to fight recklessly!
You are too injured to fight recklessly!
You are too injured to fight recklessly!
You are too injured to fight recklessly!
You are too injured to fight recklessly!
You are too injured to fight recklessly!
You are too injured to fight recklessly!
You are too injured to fight recklessly!
You are too injured to fight recklessly!
You are too injured to fight recklessly!
You are too injured to fight recklessly!
You are too injured to fight recklessly!
You are too injured to fight recklessly!
You are too injured to fight recklessly!
You are too injured to fight recklessly!
You are too injured to fight recklessly!
You are too injured to fight recklessly!
You are too injured to fight recklessly!
The deep elf mage hits you but does no damage.
The crimson imp blinks!
The deep elf mage barely misses you.
You barely miss the deep elf mage.
The crimson imp blinks!
The deep elf mage points at you and mumbles some strange words.
The bolt of lightning hits you!
You hit the deep elf mage.
The deep elf mage is lightly wounded.
You slash the deep elf mage!
The deep elf mage is heavily wounded.
You block the deep elf mage's attack.
You barely miss the deep elf mage.
The deep elf mage is heavily wounded.
The crimson imp blinks!
The deep elf mage points at you and mumbles some strange words.
The bolt of lightning hits you!
You die...

# ##+###### # ........#
######## .5......#
#....... ........#
#..>.... ........#
#....... .....(.0#
######.......
)......e####....'.......
.......@##...####.......
........#..### #.......
........'.## #.......
......).### #.......
........# #.......
######### ########


You could see a deep elf mage and a crimson imp.

Action                   |  1- 3 |  4- 6 |  7- 9 | 10-12 || total
-------------------------+-------+-------+-------+-------++-------
Melee: War axe           |    75 |   189 |   209 |   449 ||   922
Invok: Slouch            |       |       |       |     2 ||     2
Evoke: Wand              |       |       |     9 |       ||     9
  Use: Scroll            |       |       |       |    11 ||    11
       Potion            |       |       |       |     3 ||     3
 Stab: Confused          |       |       |     1 |       ||     1
  Eat: Chunk             |       |     5 |     5 |     9 ||    19

Notes
Turn   | Place    | Note
--------------------------------------------------------------
     0 | D:1      | Duffy the Hill Orc Fighter began the quest for the Orb.
     0 | D:1      | Reached XP level 1. HP: 19/19 MP: 1/1
    16 | D:1      | Reached skill level 3 in Axes
    91 | D:1      | Reached XP level 2. HP: 23/26 MP: 2/2
   386 | D:1      | Reached skill level 4 in Axes
   762 | D:2      | Reached XP level 3. HP: 31/31 MP: 3/3
   782 | D:2      | Found a shadowy altar of Dithmenos.
   782 | D:2      | Found a white marble altar of Elyvilon.
   785 | D:2      | Found a sacrificial altar of Ru.
  1015 | D:2      | Noticed Sigmund
  1033 | D:2      | Killed Sigmund
  1033 | D:2      | Reached skill level 4 in Fighting
  1033 | D:2      | Reached skill level 6 in Axes
  1033 | D:2      | Reached skill level 4 in Armour
  1033 | D:2      | Reached XP level 4. HP: 25/40 MP: 4/4
  1033 | D:2      | Reached XP level 5. HP: 28/46 MP: 5/5
  1168 | D:2      | Found a snail-covered altar of Cheibriados.
  1176 | D:2      | Became a worshipper of Cheibriados the Contemplative
  1267 | D:2      | Noticed Robin
  1280 | D:2      | Reached XP level 6. HP: 37/53 MP: 6/6
  1296 | D:2      | Killed Robin
  1625 | D:2      | Reached * piety under Cheibriados
  1908 | D:3      | Reached skill level 5 in Armour
  1980 | D:3      | Noticed Jessica
  1983 | D:3      | Killed Jessica
  2470 | D:3      | Reached ** piety under Cheibriados
  2535 | D:3      | Found a stormy altar of Qazlal.
  3497 | D:4      | Reached skill level 5 in Fighting
  3497 | D:4      | Reached skill level 7 in Axes
  3497 | D:4      | Reached XP level 7. HP: 59/61 MP: 7/7
  3593 | D:5      | Entered Level 5 of the Dungeon
  3726 | D:5      | Reached *** piety under Cheibriados
  3743 | D:5      | Noticed Edmund
  3755 | D:5      | Killed Edmund
  3835 | D:5      | Noticed Prince Ribbit
  3841 | D:5      | Killed Prince Ribbit
  3841 | D:5      | Reached skill level 8 in Axes
  3841 | D:5      | Reached skill level 6 in Armour
  4189 | D:5      | Reached XP level 8. HP: 68/70 MP: 8/8
  4191 | D:5      | Noticed Pikel
  4212 | D:5      | Killed Pikel
  4212 | D:5      | Reached skill level 6 in Fighting
  4212 | D:5      | Reached skill level 9 in Axes
  4212 | D:5      | Reached skill level 7 in Armour
  4808 | D:6      | Noticed Menkaure
  4816 | D:5      | Killed Menkaure
  5022 | D:5      | Reached skill level 8 in Armour
  5089 | D:5      | Reached skill level 10 in Axes
  5089 | D:5      | Reached XP level 9. HP: 39/78 MP: 9/9
  5262 | D:6      | Reached **** piety under Cheibriados
  5315 | D:6      | Reached skill level 7 in Fighting
  5326 | D:6      | Found a burning altar of Makhleb.
  5366 | D:6      | Noticed Eustachio
  5389 | D:6      | Killed Eustachio
  6219 | D:7      | Reached skill level 9 in Armour
  6222 | D:7      | Reached skill level 11 in Axes
  6222 | D:7      | Reached skill level 1 in Dodging
  6301 | D:7      | Reached ***** piety under Cheibriados
  6321 | D:7      | Found a staircase to the Ecumenical Temple.
  6345 | D:7      | Reached skill level 2 in Dodging
  6452 | D:7      | Reached skill level 12 in Axes
  6452 | D:7      | Reached XP level 10. HP: 69/86 MP: 10/10
  6789 | D:7      | Reached skill level 3 in Dodging
  6934 | D:7      | Found a sparkling altar of Nemelex Xobeh.
  7618 | D:8      | Reached skill level 10 in Armour
  7835 | D:9      | Reached skill level 1 in Invocations
  7842 | D:9      | Noticed Chiseanne's ghost (novice CeAE)
  8077 | D:8      | Reached skill level 2 in Invocations
  8109 | D:8      | Reached skill level 13 in Axes
  8268 | D:9      | Killed Chiseanne's ghost
  8391 | D:9      | Reached skill level 4 in Dodging
  8391 | D:9      | Reached skill level 3 in Invocations
  8496 | D:9      | Noticed Grum
  8516 | D:9      | Killed Grum
  8516 | D:9      | Reached skill level 4 in Invocations
  8750 | D:9      | Reached skill level 14 in Axes
  8750 | D:9      | Reached XP level 11. HP: 83/92 MP: 14/14
  9390 | D:10     | Entered Level 10 of the Dungeon
  9573 | D:10     | Reached skill level 5 in Invocations
  9827 | D:10     | Reached ****** piety under Cheibriados
  9908 | D:11     | Noticed a red ugly thing
  9922 | D:11     | Killed a red ugly thing
  9928 | D:11     | Reached skill level 5 in Dodging
 10139 | D:11     | Noticed a cyclops
 10334 | D:11     | Killed a cyclops
 10334 | D:11     | Reached skill level 15 in Axes
 10334 | D:11     | Reached skill level 6 in Invocations
 10465 | D:11     | Found a roughly hewn altar of Beogh.
 10465 | D:11     | Found a staircase to the Orcish Mines.
 10675 | D:11     | Found a staircase to the Lair.
 10691 | D:11     | Noticed a manticore
 10700 | D:11     | Killed a manticore
 10901 | D:11     | Noticed Harold
 10917 | D:11     | Killed Harold
 10961 | D:11     | Noticed a cyan ugly thing
 10973 | D:11     | Killed a cyan ugly thing
 10973 | D:11     | Reached skill level 7 in Invocations
 11156 | D:12     | Found a viscous altar of Jiyva.
 11156 | D:12     | Noticed a hill giant
 11164 | D:12     | Killed a hill giant
 11380 | D:12     | Reached skill level 6 in Dodging
 11523 | D:12     | Noticed a deep elf mage
 11532 | D:12     | Killed from afar by a deep elf mage

Vault maps used:
D:1:      dpeg_arrival_tiny_c, fountainhead
D:2:      cheibriados_altar_1, minitemple, bh_walls_and_bars, uniq_sigmund,
          uniq_robin
D:3:      lemuel_coloured_pillars_altar, uniq_jessica
D:5:      first_bread, minmay_misc_feat_enclosed, water_boxes_lemuel,
          uniq_edmund, uniq_pikel, uniq_prince_ribbit1
D:6:      nicolae_overflow_hidden_temple, nicolae_overflow_crystal_walls,
          portal_sewer_entry_b, uniq_menkaure, uniq_eustachio
D:7:      nemelex_altar_shiori, minmay_temple_entry_purple_smoke,
          grunt_livestock, corexii_corridor_pit
D:8:      grunt_decor_mini_mirrors
D:9:      uniq_grum
D:11:     lair_0_dummy, david_orc_5, minivault_22, uniq_harold
D:12:     jiyva_altar_1, uniq_nessos

Vanquished Creatures
  Harold
  The ghost of Chiseanne the Magician, a novice CeAE of Vehumet Pikel
  A hill giant
  2 ugly things
  A manticore
  A cyclops
  2 centaur skeletons
  4 trolls
  A two-headed ogre Prince Ribbit
  A slime creature Sigmund
  2 yaks
  A human
  A hog Grum Eustachio
  2 hippogriffs Edmund
  3 vampire mosquitoes
  4 wolves Menkaure
  A water moccasin
  9 orc warriors
  2 phantoms
  2 ice beasts
  A black bear
  3 sky beasts
  2 wasps
  An eye of draining
  4 ogres
  8 centaurs
  2 big kobolds
  2 gnoll sergeants
  4 giant frogs
  A wyvern zombie
  A water moccasin zombie
  A water moccasin skeleton
  5 wights
  4 crimson imps
  A centaur zombie
  A hound
  6 orc priests
  2 giant frog skeletons
  3 jellies Jessica
  An iguana
  4 orc wizards
  4 worker ants
  A sheep
  A hound zombie
  A hound skeleton Robin
  14 gnolls
  14 adders
  2 river rats
  A shadow imp
  2 adder zombies
  An adder skeleton
  4 worms
  9 giant geckos
  38 orcs
  9 bats
  11 giant cockroaches
  5 hobgoblins
  15 jackals
  15 kobolds
  10 quokkas
  2 ball pythons
  2 giant gecko skeletons
  7 giant newts
  11 goblins
  A quokka skeleton
  12 rats
300 creatures vanquished.
